 Dungeon Crawl Stone Soup version 0.22-a0-351-g29664b4 (webtiles) character file.

34096 Kairos the Blocker (level 14, -2/111 HPs)
             Began as a Formicid Fighter on Apr 12, 2018.
             Was a High Priest of Okawaru.
             Splashed by an oklob plant's acid (7 damage)
             ... on level 5 of the Lair of Beasts.
             The game lasted 01:13:31 (21255 turns).

Kairos the Blocker (Formicid Fighter)              Turns: 21255, Time: 01:13:31

Health: -2/111     AC: 19    Str: 32    XL:     14   Next: 11%
Magic:  10/15      EV: 12    Int: 11    God:    Okawaru [*****.]
Gold:   921        SH: 14    Dex: 13    Spells: 8/13 levels left

rFire    . . .     SeeInvis +   B - +8 hand axe "X" {flame, +Blink +Rage MR+ Stlth-}
rCold    + . .     Gourm    .   c - +0 shield
rNeg     . . .     Faith    +   H - +8 orange crystal plate armour {Archmagi, Int+3 Clar}
rPois    .         Spirit   .   (helmet unavailable)
rElec    .         Reflect  .   I - +2 cloak {rC+}
rCorr    .         Harm     .   K - +0 pair of gloves
MR       ++...     Clarity  +   (no boots)
Stlth    ..........             N - amulet of faith
HPRegen  0.28/turn              j - +5 ring of strength
MPRegen  0.14/turn              M - +4 ring of evasion

@: finesse, corroded
A: permanent stasis, dig shafts and tunnels, four strong arms, antennae 3, icy
blue scales 1, agile 1, strong 1, subdued magic 1
a: Dig, Shaft Self, Heroism, Finesse, Renounce Religion


You were on level 5 of the Lair of Beasts.
You worshipped Okawaru.
Okawaru was extremely pleased with you.
You were hungry.

You visited 3 branches of the dungeon, and saw 16 of its levels.
You also visited: Ice Cave.

You collected 1071 gold pieces.
You spent 150 gold pieces at shops.

Inventory:

Hand Weapons
 b - the +0 hunting sling of Deformation {freeze, rN++}
   (You found it on level 3 of the Lair of Beasts)

   It causes projectiles fired from it to freeze those they strike, causing
   extra injury to most foes and up to half again as much damage against
   particularly susceptible opponents.
   They can also slow down cold-blooded creatures.
   It greatly protects you from negative energy.
 p - a +3 flail of protection
 t - a +1 flail of holy wrath
 B - the +8 hand axe "X" (weapon) {flame, +Blink +Rage MR+ Stlth-}
   (You found it on level 3 of the Lair of Beasts)

   It has been specially enchanted to burn those struck by it, causing extra
   injury to most foes and up to half again as much damage against particularly
   susceptible opponents.
   Big, fiery blades are also staple armaments of hydra-hunters.
   It affects your resistance to hostile enchantments.
   It lets you blink.
   It lets you go berserk.
   It makes you less stealthy.
 L - a +2 hand axe of freezing
 O - a +2 broad axe of electrocution
Missiles
 s - 6 tomahawks
 S - 5 poisoned tomahawks (quivered)
Armour
 c - a +0 shield (worn)
 l - a +2 plate armour of magic resistance
 o - a +4 scale mail of fire resistance
 F - a +2 chain mail of cold resistance
 H - the +8 orange crystal plate armour (worn) {Archmagi, Int+3 Clar}
   (Okawaru gifted it to you on level 4 of the Lair of Beasts)

   It affects your intelligence (+3).
   It protects you against confusion.
 I - a +2 cloak of cold resistance (worn)
 K - a +0 pair of gloves (worn)
 T - the +3 plate armour of Experimentation {rElec Str+8 Int-2 Dex+2}
   (You found it on level 5 of the Lair of Beasts)

   It affects your strength (+8).
   It affects your intelligence (-2).
   It affects your dexterity (+2).
   It insulates you from electricity.
 V - a +0 large shield
Magical Staves
 q - an uncursed staff of cold {unknown}
Jewellery
 g - an uncursed ring of protection from cold
 j - a +5 ring of strength (left hand)
 m - a cursed amulet of inaccuracy {unknown}
 A - an uncursed ring of flight
 M - a +4 ring of evasion (right hand)
 N - an amulet of faith (around neck)
 Q - an uncursed ring of protection from fire
 X - the ring of Robustness {AC+8}
   (You found it on level 5 of the Lair of Beasts)

   [ring of protection]

   It affects your AC (+8).
Wands
 y - a wand of paralysis (51)
 C - a wand of iceblast (45)
 P - a wand of flame (92)
Scrolls
 h - 9 scrolls of remove curse
 i - 4 scrolls of magic mapping
 k - 2 scrolls of enchant armour {unknown}
 r - 2 scrolls of immolation {unknown}
 u - 4 scrolls of fear
 v - a scroll of random uselessness {unknown}
 G - a scroll of identify
 J - 3 scrolls of blinking {unknown}
 U - 2 scrolls of amnesia {unknown}
Potions
 a - 2 potions of magic {unknown}
 d - 2 potions of might
 e - 4 potions of curing
 n - 3 potions of mutation
 w - 4 potions of heal wounds {unknown}
 x - 2 potions of agility
 z - a potion of degeneration {unknown}
 D - 2 potions of ambrosia
 E - a potion of brilliance {unknown}
 R - 4 potions of lignification
 W - a potion of cancellation {unknown}
Comestibles
 f - 20 rations


   Skills:
 + Level 10.8 Fighting
 + Level 12.9(13.5) Axes
 - Level 6.9(10.9) Maces & Flails
 + Level 9.6 Armour
 + Level 5.1 Dodging
 + Level 3.4 Stealth
 + Level 13.3 Shields
 + Level 2.3 Invocations
 + Level 1.0 Evocations


You had 8 spell levels left.
You knew the following spells:

 Your Spells              Type           Power        Failure   Level  Hunger
a - Metabolic Englaciati  Hex/Ice        #.........   100%        5    ######.


Dungeon Overview and Level Annotations

Branches:
Dungeon (10/15)            Temple (1/1) D:7            Lair (5/6) D:10
  Swamp (0/4) Lair:4        Snake (0/4) Lair:4        Slime (0/5) Lair:5
    Orc: D:9-12

Altars:
Ashenzari
Cheibriados
Dithmenos
Elyvilon
Fedhas
Gozag
Hepliaklqana
Kikubaaqudgha
Makhleb
Nemelex Xobeh
Okawaru
Qazlal
Ru
Sif Muna
Trog
Uskayaw
Vehumet
Wu Jian
Xom
Yredelemnul
Zin
The Shining One
Jiyva

Shops:
D:7 *   D:8 (

Annotations:
D:10 exclusions: oklob plant and oklob sapling
Lair:5 exclusion: 3 oklob plants


Innate Abilities, Weirdness & Mutations

You cannot be hasted, slowed, berserked, paralysed or teleported.
You can dig through walls and to a lower floor.
Your four strong arms can wield two-handed weapons with a shield.
You have a pair of large antennae on your head. (SInv)
You are partially covered in icy blue scales. (AC +2)
You are agile. (Dex +2)
Your muscles are strong. (Str +2)
Your spells are a little easier to cast, but a little less powerful.


Message History

The splash of acid hits you!
You are splashed with acid!
The acid burns!
You see here the ring of Robustness {AC+8}.
X - the ring of Robustness {AC+8} The oklob plant spits acid at you.
The splash of acid hits you!
You are splashed with acid!
The acid burns!
The oklob plant spits acid at you. The splash of acid hits you!
You are splashed with acid!
The acid burns!
You can now deal lightning-fast blows.
The oklob plant spits acid at you. The splash of acid hits you!
You are splashed with acid!
The acid burns!
* * * LOW HITPOINT WARNING * * *
The oklob plant spits acid at you. The splash of acid hits you!
The acid corrodes you!
You are splashed with acid!
The acid burns!
* * * LOW HITPOINT WARNING * * *
The oklob plant spits acid at you. The splash of acid hits you!
* * * LOW HITPOINT WARNING * * *
The acid corrodes you!
You are splashed with acid!
The acid burns!
You die...

.......#
.......########
..............##
........######.##
........# ##.#
......#.# #.##
#....#.## #..##
#...#.## #.#.##
####### ## .##@#.##
.# #...##.##.# ##
###..PP.P$## #####
#....P)[$.# .P#P###
##....P..P.#
......###.......?))#
##............#######
#####..#...........P#
# #####....$......##


You could see 3 oklob plants.

Vanquished Creatures
  2 hydras
  A catoblepas (Lair:2)
  Harold (Lair:1)
  3 two-headed ogres
  A death yak (D:10)
  Nergalle (Lair:1)
  Sonja (Lair:1)
  A necromancer (IceCv)
  4 elephants (Lair:5)
  2 torpor snails
  4 black mambas
  An ice statue (IceCv)
  6 spiny frogs
  2 centaur skeletons (D:10)
  3 rime drakes
  10 freezing wraiths (IceCv)
  9 komodo dragons
  A troll (D:10)
  2 hornets (D:10)
  Grinder (D:5)
  7 blink frogs
  2 dream sheep (D:8)
  9 hippogriffs
  A basilisk (D:10)
  2 wyverns
  15 yaks
  A death yak simulacrum (IceCv)
  The ghost of Calas the Shield-Bearer, an amateur GrFi (D:4)
  Duvessa (D:7)
  9 water moccasins
  3 nagas (Lair:4)
  11 ice beasts
  2 orc warriors
  6 porcupines
  2 sky beasts
  An eye of draining (D:10)
  2 phantoms
  3 ogres
  An alligator simulacrum (IceCv)
  6 centaurs
  8 crocodiles
  Blork the orc (D:6)
  4 big kobolds
  12 bullfrogs
  A gnoll sergeant (D:8)
  Dowan (D:7)
  2 scorpions
  An elephant simulacrum (IceCv)
  9 killer bees
  5 wights (D:10)
  2 howler monkeys
  3 draconian simulacra (IceCv)
  2 quasits
  6 hounds
  4 bullfrog skeletons
  3 jellies
  A centaur zombie (D:9)
  10 orc priests
  16 orc wizards
  A gnoll shaman (D:8)
  Natasha (thrice) (D:2)
  Terence (D:2)
  4 iguanas
  7 worker ants
  A spriggan simulacrum (IceCv)
  5 troll simulacra (IceCv)
  A wolf simulacrum (IceCv)
  4 centaur simulacra (IceCv)
  2 hound skeletons
  A worker ant zombie (D:7)
  13 gnolls
  A howler monkey zombie (D:9)
  A howler monkey skeleton (D:8)
  5 ogre simulacra (IceCv)
  12 adders
  2 naga simulacra (IceCv)
  2 shadow imps
  12 white imps (IceCv)
  3 oozes
  An adder zombie (D:6)
  3 worms
  A dart slug (D:1)
  4 leopard geckos
  51 orcs
  5 giant cockroaches
  5 goblins
  4 hobgoblins
  2 quokkas (D:6)
  6 ball pythons (D:10)
  7 bats
  4 frilled lizards
  11 kobolds
  A leopard gecko skeleton (D:5)
  A quokka skeleton (D:4)
  A quokka zombie (D:6)
  10 rats
  29 plants
459 creatures vanquished.

Vanquished Creatures (others)
  2 fungi
  9 plants
11 creatures vanquished.

Grand Total: 470 creatures vanquished

Notes
Turn   | Place    | Note
-------+----------+-------------------------------------------
     0 | D:1      | Kairos the Formicid Fighter began the quest for the Orb.
     0 | D:1      | Reached XP level 1. HP: 18/18 MP: 1/1
    75 | D:1      | Reached XP level 2. HP: 24/24 MP: 2/2
   189 | D:1      | Reached skill level 4 in Shields
   280 | D:1      | Reached XP level 3. HP: 28/29 MP: 3/3
   687 | D:2      | Noticed Terence
   697 | D:2      | Killed Terence
   697 | D:2      | Reached XP level 4. HP: 27/37 MP: 4/4
   946 | D:2      | Noticed Natasha
   950 | D:2      | Killed Natasha
  1056 | D:2      | Reached XP level 5. HP: 42/42 MP: 5/5
  1063 | D:2      | You fall through a shaft for 2 floors!
  1180 | D:4      | Found a white marble altar of Elyvilon.
  1210 | D:4      | Noticed Calas's ghost (amateur GrFi)
  1227 | D:4      | Reached XP level 6. HP: 44/48 MP: 6/6
  1248 | D:3      | Reached skill level 5 in Shields
  1424 | D:3      | Reached skill level 1 in Dodging
  1657 | D:2      | Noticed Natasha
  1667 | D:2      | Killed Natasha
  1696 | D:2      | Noticed Natasha
  1701 | D:2      | Killed Natasha
  1701 | D:2      | Reached XP level 7. HP: 51/54 MP: 7/7
  2243 | D:3      | Reached skill level 5 in Axes
  2822 | D:4      | Killed Calas's ghost
  2822 | D:4      | Reached skill level 6 in Shields
  2873 | D:4      | Reached XP level 8. HP: 54/61 MP: 8/8
  3370 | D:4      | Reached skill level 5 in Fighting
  3411 | D:5      | Entered Level 5 of the Dungeon
  3431 | D:5      | Reached skill level 1 in Stealth
  3599 | D:5      | Noticed Grinder
  3608 | D:5      | Killed Grinder
  3945 | D:5      | Reached skill level 1 in Maces & Flails
  4062 | D:6      | Reached XP level 9. HP: 51/68 MP: 9/9
  4183 | D:6      | Found a stormy altar of Qazlal.
  4394 | D:6      | Noticed Blork the orc
  4403 | D:6      | Killed Blork the orc
  4403 | D:6      | Reached skill level 5 in Armour
  4757 | D:6      | Found an opulent altar of Gozag.
  4827 | D:6      | Reached skill level 7 in Shields
  6066 | D:7      | Found a staircase to the Ecumenical Temple.
  6082 | Temple   | Entered the Ecumenical Temple
  6122 | Temple   | Became a worshipper of Warmaster Okawaru
  6234 | D:7      | Noticed Dowan
  6252 | D:7      | Killed Dowan
  6268 | D:7      | Noticed Duvessa
  6290 | D:7      | Killed Duvessa
  6382 | D:7      | Found Yzilaeg's Assorted Antiques.
  6714 | D:8      | Reached XP level 10. HP: 76/76 MP: 10/10
  6765 | D:8      | Found an iron altar of Okawaru.
  6765 | D:8      | Noticed a two-headed ogre
  6786 | D:8      | Killed a two-headed ogre
  6786 | D:8      | Reached * piety under Okawaru
  6786 | D:8      | Reached skill level 5 in Maces & Flails
  6786 | D:8      | Reached skill level 8 in Shields
  7332 | D:8      | Reached ** piety under Okawaru
  7392 | D:8      | Noticed a three-headed hydra
  7398 | D:8      | Killed a one-headed hydra
  7398 | D:8      | Reached *** piety under Okawaru
  7398 | D:8      | Reached skill level 9 in Shields
  7420 | D:8      | Reached XP level 11. HP: 75/84 MP: 11/11
  7462 | D:8      | Found Suats's Weapon Shoppe.
  7679 | D:7      | Bought a glowing chain mail for 150 gold pieces
  8522 | D:9      | Found an ancient bone altar of Kikubaaqudgha.
  8535 | D:9      | Noticed a two-headed ogre
  8568 | D:9      | Killed a two-headed ogre
  8568 | D:9      | Reached skill level 10 in Shields
  8786 | D:9      | Reached **** piety under Okawaru
  9547 | D:10     | Entered Level 10 of the Dungeon
  9870 | D:10     | Found a staircase to the Lair.
  9870 | D:10     | Noticed a death yak
 10524 | D:10     | Found a shattered altar of Ashenzari.
 10749 | D:10     | Killed a death yak
 10749 | D:10     | Reached ***** piety under Okawaru
 10816 | D:10     | Found a blossoming altar of Fedhas.
 10849 | D:10     | Noticed an oklob plant
 10916 | D:10     | Noticed a two-headed ogre
 10944 | D:10     | Killed a two-headed ogre
 10944 | D:10     | Reached XP level 12. HP: 94/94 MP: 12/12
 11289 | D:10     | Received a gift from Okawaru
 11289 | D:10     | Reached skill level 1 in Invocations
 11311 | D:10     | Reached skill level 1 in Evocations
 11874 | D:10     | Reached skill level 11 in Shields
 12000 | Lair:1   | Entered Level 1 of the Lair of Beasts
 12000 | Lair:1   | Noticed Harold
 12230 | D:10     | Gained mutation: You have sharp toenails. [potion of mutation]
 12230 | D:10     | Gained mutation: You are partially covered in rugged brown scales. (AC +1, +3% HP) [potion of mutation]
 12231 | D:10     | Lost mutation: You are partially covered in rugged brown scales. (AC +1, +3% HP) [potion of mutation]
 12231 | D:10     | Lost mutation: You have sharp toenails. [potion of mutation]
 12231 | D:10     | Gained mutation: Your spells are a little harder to cast, but a little more powerful. [potion of mutation]
 12231 | D:10     | Gained mutation: You possess an exceptional clarity of mind. [potion of mutation]
 12231 | D:10     | Gained mutation: Your muscles are strong. (Str +2) [potion of mutation]
 12259 | Lair:1   | Killed Harold
 12259 | Lair:1   | Reached skill level 10 in Axes
 12791 | Lair:1   | Received a gift from Okawaru
 12796 | Lair:1   | Noticed Sonja
 12796 | Lair:1   | Noticed Nergalle
 12809 | Lair:1   | Killed Nergalle
 12842 | Lair:1   | Killed Sonja
 13457 | Lair:2   | Reached skill level 5 in Dodging
 13485 | Lair:2   | Found a frozen archway.
 13566 | IceCv    | Entered an ice cave
 13582 | IceCv    | HP: 3/96 [death yak simulacrum (12)]
 13591 | IceCv    | HP: 4/96 [death yak simulacrum (16)]
 14488 | IceCv    | Reached XP level 13. HP: 87/101 MP: 14/14
 14525 | IceCv    | Reached skill level 12 in Shields
 15022 | IceCv    | Found an ancient bone altar of Kikubaaqudgha.
 15097 | IceCv    | Received a gift from Okawaru
 16948 | Lair:2   | Reached skill level 10 in Fighting
 17294 | Lair:2   | Noticed a catoblepas
 17313 | Lair:2   | Killed a catoblepas
 17726 | Lair:3   | Got a dazzling hunting sling
 17767 | Lair:3   | Identified the cursed +0 hunting sling of Deformation {freeze, rN++} (You found it on level 3 of the Lair of Beasts)
 18037 | Lair:3   | Noticed a seven-headed hydra
 18052 | Lair:3   | Killed a one-headed hydra
 19171 | Lair:3   | Got a scorched hand axe
 19172 | Lair:3   | Identified the +8 hand axe "X" {flame, +Blink +Rage MR+ Stlth-} (You found it on level 3 of the Lair of Beasts)
 19311 | Lair:4   | Found a staircase to the Snake Pit.
 19349 | Lair:4   | Found a staircase to the Swamp.
 19593 | Lair:4   | Received a gift from Okawaru
 19593 | Lair:4   | Reached skill level 13 in Shields
 19594 | Lair:4   | Found the +8 orange crystal plate armour {Archmagi, Int+3 Clar}
 19786 | Lair:2   | Lost mutation: Your spells are a little harder to cast, but a little more powerful. [potion of mutation]
 19786 | Lair:2   | Lost mutation: You possess an exceptional clarity of mind. [potion of mutation]
 19786 | Lair:2   | Gained mutation: Your spells are a little easier to cast, but a little less powerful. [potion of mutation]
 19786 | Lair:2   | Gained mutation: You are partially covered in icy blue scales. (AC +2) [potion of mutation]
 19786 | Lair:2   | Gained mutation: You evolve. [potion of mutation]
 20239 | Lair:5   | Got an encrusted plate armour
 20250 | Lair:5   | Identified the +3 plate armour of Experimentation {rElec Str+8 Int-2 Dex+2} (You found it on level 5 of the Lair of Beasts)
 20307 | Lair:5   | Found a viscous altar of Jiyva.
 20308 | Lair:5   | Found a staircase to the Slime Pits.
 20335 | Lair:5   | Reached XP level 14. HP: 96/111 MP: 15/15
 20527 | Lair:5   | Learned a level 5 spell: Metabolic Englaciation
 20553 | Lair:5   | Found the ring of Robustness {AC+8}
 21072 | Lair:5   | Gained mutation: You are agile. (Dex +2) [evolution]
 21072 | Lair:5   | Lost mutation: You evolve. [end of evolution]
 21255 | Lair:5   | HP: 5/111 [oklob plant/splash of acid (6)]
 21255 | Lair:5   | Splashed by an oklob plant's acid

Vault maps used:
D:1:      onia_arrival_larder
D:2:      hangedman_decor_peaks_small, hangedman_glass_teeth, uniq_terence,
          uniq_natasha
D:3:      hangedman_decor_growths
D:4:      elyvilon_altar_1
D:5:      first_ration, kennysheep_generic_room_16, uniq_grinder
D:6:      nicolae_gozag_cash_rules_everything_around_me, serial_glass,
          glass_columns_b, glass_columns_b, minmay_misc_feat_diagonals,
          nicolae_qazlal_general_emergency, uniq_blork_the_orc
D:7:      minmay_temple_entry_glassed_door, serial_shops, shop, uniq_duvessa
D:8:      basic_altar, serial_shops, shop, hangedman_ranch
D:9:      basic_altar, hangedman_abyss_or_decor_clamps
D:10:     david_lair_generic, basic_altar, introduction_to_nature_2
Temple:   dpeg_three_leaves_temple
Lair:1:   st_stairs_13, minivault_19, uniq_sonja, uniq_harold, uniq_nergalle
Lair:2:   portal_ice_cave_rime
Lair:3:   wad_woods_structure_01, infiniplex_staircase_pool_2
Lair:4:   swamp_mist, guppyfry_snake_entry_garden
Lair:5:   slime_altar_1, minmay_lair_oklob_chamber
IceCv:    ice_cave_small_necro

Skill      XL: |  1  2  3  4  5  6  7  8  9 10 11 12 13 |
---------------+----------------------------------------+-----
Shields        | 4 5 6 7 9 10 11 13 | 13.3
Axes           | 3 4 5 6 7 9 11 12 | 12.9
Armour         | 4 5 6 7 8 9 |  9.6
Dodging        | 1 2 3 4 5 |  5.1
Fighting       | 4 5 6 7 8 9 10 | 10.8
Stealth        | 1 2 3 |  3.4
Maces & Flails | 1 4 6 |  6.9
Invocations    | 1 2 |  2.3
Evocations     | 1 |  1.0

Action                   |  1- 3 |  4- 6 |  7- 9 | 10-12 | 13-15 || total
-------------------------+-------+-------+-------+-------+-------++-------
Melee: War axe           |    85 |   110 |   227 |       |       ||   422
       Flail             |       |       |   190 |   156 |       ||   346
       Hand axe          |       |       |       |   605 |   572 ||  1177
       Broad axe         |       |       |       |   127 |   242 ||   369
Throw: Throwing net      |       |       |       |       |     1 ||     1
       Tomahawk          |       |       |       |       |     1 ||     1
Invok: Heroism           |       |       |       |    12 |     9 ||    21
       Finesse           |       |       |       |       |     2 ||     2
 Abil: Dig               |       |     2 |     6 |    18 |    11 ||    37
Evoke: Wand              |       |       |     1 |     6 |     1 ||     8
  Use: Scroll            |       |     4 |     2 |    11 |     6 ||    23
       Potion            |       |       |     1 |     6 |     2 ||     9
 Stab: Paralysed         |       |       |     4 |       |       ||     4
       Distracted        |       |       |       |       |     1 ||     1
  Eat: Chunk             |       |     3 |    10 |    10 |     7 ||    30
       Ration            |       |       |     2 |     5 |     5 ||    12
Armor: Scale mail        |    32 |    63 |   141 |   194 |       ||   430
       Chain mail        |       |       |       |    33 |    39 ||    72
       Plate armour      |       |       |       |       |    75 ||    75
       Crystal plate arm |       |       |       |       |    22 ||    22
Dodge: Dodged            |    27 |    32 |   128 |   346 |   156 ||   689
Block: Shield            |    48 |    70 |   210 |   466 |   249 ||  1043

Table legend:
 A = Spawn XP
 B = Non-spawn XP
 C = Spawn XP percentage of total XP
 D = Spawn monster count
 E = Non-spawn monster count
 F = Spawn count percentage of total count
 G = Total turns spent on level
                    A         B        C        D         E        F      G
               +---------+---------+-------+---------+---------+-------+---------
         Total |       0 |   48709 |   0.0 |       0 |     430 |   0.0 | 21255
               +---------+---------+-------+---------+---------+-------+---------
           D:1 |       0 |      34 |   0.0 |       0 |      21 |   0.0 |   469
           D:2 |       0 |     202 |   0.0 |       0 |      16 |   0.0 |   832
           D:3 |       0 |     402 |   0.0 |       0 |      41 |   0.0 |  1287
           D:4 |       0 |     565 |   0.0 |       0 |      23 |   0.0 |   823
           D:5 |       0 |     634 |   0.0 |       0 |      11 |   0.0 |   605
           D:6 |       0 |     744 |   0.0 |       0 |      23 |   0.0 |  1474
           D:7 |       0 |     999 |   0.0 |       0 |      15 |   0.0 |  1181
           D:8 |       0 |    4646 |   0.0 |       0 |      47 |   0.0 |  1218
           D:9 |       0 |    3089 |   0.0 |       0 |      33 |   0.0 |  1686
          D:10 |       0 |    6317 |   0.0 |       0 |      58 |   0.0 |  2598
        Lair:1 |       0 |    6122 |   0.0 |       0 |      16 |   0.0 |  1213
        Lair:2 |       0 |    4858 |   0.0 |       0 |      19 |   0.0 |  1214
        Lair:3 |       0 |    4528 |   0.0 |       0 |      18 |   0.0 |  1636
        Lair:4 |       0 |    3348 |   0.0 |       0 |      15 |   0.0 |   789
        Lair:5 |       0 |    5893 |   0.0 |       0 |      20 |   0.0 |  1069
         IceCv |       0 |    6328 |   0.0 |       0 |      54 |   0.0 |  3112
               +---------+---------+-------+---------+---------+-------+---------
